 Dungeon Sprint DCSS version 0.30-a0-830-gfe289a77b0 (webtiles) character file.

Game seed: 15062609941299987020

6000000 BigDaddyOpFi the Intangible (level 27, -34/296 HPs)
             Began as a Djinni Transmuter on Feb 28, 2023.
             Was the Champion of Makhleb.
             Annihilated by a large bag of meat
             ... wielding a +9 giant spiked club
              (101 damage)
             ... in the Dungeon (Sprint VIII: "Arena of Blood").
             The game lasted 00:01:24 (60 turns).

BigDaddyOpFi the Intangible (Djinni Transmuter)       Turns: 60, Time: 00:01:24

Health: -34/296    AC: 29    Str:  9    XL:     27
Gold:   0          EV: 40    Int: 16    God:    Makhleb [******] SH:  0 Dex: 27

rFire   + + .      SeeInvis .    h - +∞ Axe of Woe
rCold   x . .      Faith    .    (shield currently unavailable)
rNeg    + . .      Spirit   .    (body armour currently unavailable)
rPois   ∞          Reflect  .    (no helmet)
rElec   +          Harm     .    (no cloak)
rCorr   .          Rampage  .    (gloves currently unavailable)
Will    ++...      NoTele   +    (boots unavailable)
Stlth   ++++++++++               (no amulet)
HPRegen 0.69/turn                (no ring)
MPRegen 0.00/turn                (no ring)

@: statue-form, flying, slowed, very slow
A: slow and powerful, torment resistance 1, flying, boosted hp, sickness
immunity, fire resistance 2, cold vulnerability 1, float, innate caster, HP
casting, extra vitality 1
a: End Transformation, Renounce Religion, Minor Destruction, Lesser Servant of
Makhleb, Major Destruction, Greater Servant of Makhleb


You were in the Dungeon.
You worshipped Makhleb.
Makhleb was exalted by your worship.
You were a living statue of rough stone.
You visited 1 branch

Inventory:

Hand Weapons
 h - the +∞ Axe of Woe (weapon)
   (You found it in the Dungeon)
Armour
 a - a +0 robe (melded)
Scrolls
 g - a scroll of blinking
Potions
 b - a potion of lignification
 c - a potion of curing
 d - a potion of heal wounds
 e - a potion of haste
 f - a potion of berserk rage


   Skills:
 O Level 27 Fighting
 O Level 27 Short Blades
 O Level 27 Long Blades
 O Level 27 Axes
 O Level 27 Maces & Flails
 O Level 27 Polearms
 O Level 27 Staves
 O Level 27 Ranged Weapons
 O Level 27 Throwing
 O Level 27 Armour
 O Level 27 Dodging
 O Level 27 Stealth
 O Level 27 Shields
 O Level 27 Unarmed Combat
 O Level 27 Spellcasting
 O Level 27 Invocations
 O Level 27 Evocations


You knew the following spells:

 Your Spells              Type           Power      Damage    Failure   Level
a - Beastly Appendage     Tmut           100%       N/A       0%          1
b - Wereblood             Tmut           82%        N/A       0%          2
c - Spider Form           Tmut/Pois      82%        N/A       0%          3
d - Ice Form              Ice/Tmut       82%        N/A       0%          4
e - Foxfire               Conj/Fire      100%       2x1d9     0%          1
f - Momentum Strike       Conj/Tloc      100%       3d10      0%          2
g - Lesser Beckoning      Tloc           100%       N/A       0%          2
h - Swiftness             Air            82%        N/A       0%          3
i - Lee's Rapid Deconstr  Erth           41%        3d20*     0%          5
j - Agony                 Necr           82%        N/A       0%          5
k - Statue Form           Tmut/Erth      54%        N/A       0%          6
l - Malign Gateway        Summ/Tloc      41%        N/A       1%          7
m - Summon Cactus Giant   Summ           41%        N/A       0%          6
n - Ozocubu's Refrigerat  Ice            41%        4d16      1%          7
o - Lehudib's Crystal Sp  Conj/Erth      41%        10d10     1%          8
p - Maxwell's Capacitive  Air            41%        ∞         1%          8
q - Shatter               Erth           41%        3d32*     2%          9
Your spell library was empty.

Dungeon Overview and Level Annotations

Branches:
Dungeon (1/1)

Altars:
Makhleb


Innate Abilities, Weirdness & Mutations

You are a living statue of rough stone.
Your actions are slow, but your melee attacks are powerful.
You are resistant to unholy torment.
You are flying.
Your maximum health is greatly increased.
Your equipment is partially melded.
You are immune to sickness and miasma.
You are immune to poison.
Your flesh is very heat resistant. (rF++)
You are vulnerable to cold. (rC-)
You float through the air rather than walking.
You learn spells naturally, not from books.
Your magical power is your life essence.
You have superior vitality. (+4 MHP)


Message History

The tyrant casts a spell.
The tyrant seems to speed up.
You hear a shout! x3
A meat berserker comes into view. It is wielding a +9 battleaxe.
You hear a shout!
Unknown command.
You slice the meat berserker!!
You slaughter the meat berserker joyfully.
You kill the meat berserker!
Makhleb accepts your kill.
You slice the large abomination!!
You slaughter the large abomination joyfully.
You destroy the large abomination!
The large abomination disappears in a puff of smoke!
The meat beast appears out of thin air!
A meat beast comes into view.
The large abomination disappears in a puff of smoke!
You hear a shout! x2
A meat berserker comes into view. It is wielding a +9 battleaxe.
You hear a shout! x2
A meat beast comes into view.
You hear a shout!
A bag of meat comes into view. It is wielding a +9 war axe. x3
You hear a shout! x3
The accursed points at you and mumbles some strange words.
Something smites you!
* * * LOW HITPOINT WARNING * * *
You hear a shout! x2
The bag of meat misses you.
The meat berserker hits you with a +9 battleaxe!
* * * LOW HITPOINT WARNING * * *
The meat berserker rages.
You hear a shout!
A sculptor of flesh comes into view. It is wielding a +9 great sword.
The destroyer gestures at you while chanting.
The destroyer blinks!
You hear a shout! x2
The large bag of meat completely misses you.
The large bag of meat hits you with a +9 giant spiked club!!!!
You die...

.#... #..O ...# .
.....###... ...###..
..........###......
..#........_.....
#...O...#.))))#
.....2..#_)<)_#
#.....).#..)).#z
X#.o.)oOV._..O...
.oVOo.2o8)###......
.oo.O###O)..X..###..
...X #...X.L.# . ...
#2..MoX.# ..
......X.. .
.......... §o.....X.
..........


You could see an accursed, 3 meat beasts, a tyrant (fast), 2 destroyers, a
sculptor of flesh (wandering), 3 large bags of meat, 6 large abominations, 3
meat berserkers and 9 bags of meat.

Vanquished Creatures
  A hell beast (D)
  A royal mummy (D)
  12 vampire knights (D)
  25 ogres (D)
  3 two-headed ogres (D)
  A lich (D)
  46 orcs (D)
  2 skeletal warriors (D)
91 creatures vanquished.

Notes
Turn   | Place    | Note
-------+----------+-------------------------------------------
     0 | D        | Found the +∞ Axe of Woe
     0 | D        | BigDaddyOpFi the Djinni Transmuter began the quest for the
                  | Orb.
     0 | D        | BigDaddyOpFi set off with the following spells memorised:
                  | Beastly Appendage, Wereblood, Spider Form, Ice Form.
     0 | D        | Reached XP level 1. HP: 17/17 MP: 0/0
     3 | D        | Noticed a bag of meat
     3 | D        | Noticed a bag of meat
     4 | D        | Became a worshipper of Makhleb the Destroyer
     4 | D        | Noticed a bag of meat
     4 | D        | Noticed a bag of meat
     5 | D        | Noticed a bag of meat
     6 | D        | Killed a bag of meat
     7 | D        | Reached skill level 10 in Dodging
     7 | D        | Reached skill level 10 in Unarmed Combat
     7 | D        | Reached XP level 2. HP: 34/34 MP: 0/0
     7 | D        | Reached XP level 3. HP: 40/40 MP: 0/0
     7 | D        | Learned a level 1 spell: Foxfire
     7 | D        | Reached XP level 4. HP: 45/45 MP: 0/0
     7 | D        | Reached XP level 5. HP: 50/50 MP: 0/0
     7 | D        | Learned a level 2 spell: Momentum Strike
     7 | D        | Reached XP level 6. HP: 57/57 MP: 0/0
     7 | D        | Reached XP level 7. HP: 61/61 MP: 0/0
     7 | D        | Learned a level 2 spell: Lesser Beckoning
     7 | D        | Reached XP level 8. HP: 67/67 MP: 0/0
     7 | D        | Reached XP level 9. HP: 73/73 MP: 0/0
     7 | D        | Learned a level 3 spell: Swiftness
     7 | D        | Reached XP level 10. HP: 78/78 MP: 0/0
     7 | D        | Reached XP level 11. HP: 84/84 MP: 0/0
     7 | D        | Learned a level 5 spell: Lee's Rapid Deconstruction
     7 | D        | Noticed a meat berserker
     7 | D        | Noticed a bag of meat
     8 | D        | Noticed a bag of meat
     8 | D        | Noticed a meat berserker
     8 | D        | Noticed a bag of meat
     8 | D        | Noticed a meat berserker
     9 | D        | Killed a bag of meat
     9 | D        | Reached * piety under Makhleb
     9 | D        | Killed a meat berserker
     9 | D        | Killed a bag of meat
     9 | D        | Killed a bag of meat
     9 | D        | Reached ** piety under Makhleb
    10 | D        | Reached skill level 15 in Dodging
    10 | D        | Reached XP level 12. HP: 100/100 MP: 0/0
    10 | D        | Reached XP level 13. HP: 105/105 MP: 0/0
    10 | D        | Learned a level 5 spell: Agony
    10 | D        | Reached XP level 14. HP: 112/112 MP: 0/0
    10 | D        | Killed a bag of meat
    10 | D        | Noticed a bag of meat
    10 | D        | Noticed a bag of meat
    10 | D        | Noticed a bag of meat
    11 | D        | Killed a bag of meat
    11 | D        | Killed a meat berserker
    11 | D        | Reached *** piety under Makhleb
    11 | D        | Noticed a bag of meat
    11 | D        | Noticed a bag of meat
    11 | D        | Noticed a meat berserker
    11 | D        | Noticed a bag of meat
    11 | D        | Noticed a bag of meat
    12 | D        | Reached skill level 15 in Fighting
    12 | D        | Reached skill level 15 in Armour
    12 | D        | Reached skill level 15 in Invocations
    12 | D        | Reached XP level 15. HP: 121/121 MP: 0/0
    12 | D        | Learned a level 6 spell: Statue Form
    12 | D        | Killed a meat berserker
    12 | D        | Noticed a meat berserker
    13 | D        | Reached skill level 15 in Stealth
    13 | D        | Reached XP level 16. HP: 130/130 MP: 0/0
    13 | D        | Reached **** piety under Makhleb
    13 | D        | Killed a meat berserker
    13 | D        | Noticed a meat berserker
    14 | D        | Reached skill level 15 in Axes
    14 | D        | Reached XP level 17. HP: 139/139 MP: 0/0
    14 | D        | Learned a level 7 spell: Malign Gateway
    14 | D        | Noticed a large bag of meat
    15 | D        | Noticed a meat berserker
    16 | D        | Reached skill level 15 in Spellcasting
    16 | D        | Reached ***** piety under Makhleb
    16 | D        | Noticed a meat berserker
    17 | D        | Killed a meat berserker
    17 | D        | Killed a meat berserker
    18 | D        | Reached XP level 18. HP: 153/153 MP: 0/0
    19 | D        | Noticed a destroyer
    20 | D        | Noticed a meat berserker
    20 | D        | Noticed a meat berserker
    20 | D        | Noticed a meat berserker
    20 | D        | Noticed a destroyer
    22 | D        | Noticed a large bag of meat
    24 | D        | Killed a meat berserker
    24 | D        | Killed a meat berserker
    24 | D        | Reached ****** piety under Makhleb
    24 | D        | Killed a meat berserker
    25 | D        | Reached XP level 19. HP: 164/164 MP: 0/0
    25 | D        | Learned a level 6 spell: Summon Cactus Giant
    25 | D        | Killed a destroyer
    25 | D        | Killed a destroyer
    25 | D        | Killed a meat berserker
    26 | D        | Reached skill level 27 in Dodging
    26 | D        | Reached XP level 20. HP: 176/176 MP: 0/0
    27 | D        | Reached XP level 21. HP: 184/184 MP: 0/0
    27 | D        | Learned a level 7 spell: Ozocubu's Refrigeration
    27 | D        | Killed a meat berserker
    27 | D        | Noticed a meat berserker
    28 | D        | Reached skill level 27 in Fighting
    28 | D        | Reached skill level 27 in Unarmed Combat
    28 | D        | Noticed a destroyer
    29 | D        | Noticed a destroyer
    29 | D        | Killed a large bag of meat
    29 | D        | Noticed a destroyer
    29 | D        | Noticed a destroyer
    29 | D        | Noticed a destroyer
    30 | D        | Reached skill level 27 in Armour
    30 | D        | Reached skill level 27 in Stealth
    30 | D        | Reached skill level 27 in Invocations
    30 | D        | Reached XP level 22. HP: 182/194 MP: 0/0
    31 | D        | Killed a large bag of meat
    31 | D        | Noticed a meat berserker
    32 | D        | Reached skill level 27 in Axes
    32 | D        | Reached skill level 27 in Spellcasting
    32 | D        | Reached skill level 1 in Maces & Flails
    32 | D        | Reached skill level 1 in Polearms
    32 | D        | Killed a destroyer
    33 | D        | Reached skill level 10 in Maces & Flails
    33 | D        | Reached skill level 10 in Polearms
    33 | D        | Reached XP level 23. HP: 197/201 MP: 0/0
    33 | D        | Learned a level 8 spell: Lehudib's Crystal Spear
    33 | D        | Noticed a destroyer
    33 | D        | Noticed a destroyer
    34 | D        | Killed a destroyer
    34 | D        | Noticed a large bag of meat
    34 | D        | Noticed a destroyer
    35 | D        | Killed a destroyer
    35 | D        | Killed a destroyer
    36 | D        | Reached XP level 24. HP: 208/208 MP: 0/0
    38 | D        | Noticed a destroyer
    41 | D        | Reached skill level 27 in Maces & Flails
    41 | D        | Reached skill level 27 in Polearms
    41 | D        | Killed a destroyer
    42 | D        | Reached XP level 25. HP: 214/214 MP: 0/0
    42 | D        | Learned a level 8 spell: Maxwell's Capacitive Coupling
    42 | D        | Noticed a tyrant
    42 | D        | Killed a large bag of meat
    42 | D        | Killed a destroyer
    42 | D        | Killed a destroyer
    43 | D        | Reached skill level 27 in Staves
    43 | D        | Reached skill level 10 in Shields
    43 | D        | Reached skill level 10 in Evocations
    44 | D        | Reached skill level 10 in Ranged Weapons
    44 | D        | Reached skill level 10 in Throwing
    44 | D        | Reached XP level 26. HP: 221/221 MP: 0/0
    45 | D        | Killed a destroyer
    47 | D        | Noticed an accursed
    47 | D        | Killed a tyrant
    48 | D        | Reached skill level 15 in Shields
    48 | D        | Reached skill level 15 in Evocations
    49 | D        | Noticed a tyrant
    50 | D        | Noticed a tyrant
    52 | D        | Reached skill level 15 in Ranged Weapons
    52 | D        | Reached skill level 15 in Throwing
    52 | D        | Killed an accursed
    53 | D        | Reached XP level 27. HP: 228/228 MP: 0/0
    53 | D        | Learned a level 9 spell: Shatter
    53 | D        | Noticed a destroyer
    54 | D        | Noticed a meat beast
    54 | D        | Killed a destroyer
    54 | D        | Noticed a large bag of meat
    55 | D        | Noticed an accursed
    56 | D        | Killed a meat beast
    57 | D        | Reached skill level 27 in Shields
    57 | D        | Reached skill level 27 in Evocations
    57 | D        | Noticed a large bag of meat
    57 | D        | Noticed a tyrant
    58 | D        | Reached skill level 27 in Short Blades
    58 | D        | Reached skill level 27 in Long Blades
    58 | D        | Noticed a large bag of meat
    59 | D        | Reached skill level 27 in Ranged Weapons
    59 | D        | Reached skill level 27 in Throwing
    59 | D        | Noticed a meat beast
    59 | D        | Killed a destroyer
    59 | D        | Noticed a destroyer
    59 | D        | Noticed a destroyer
    60 | D        | Noticed a meat beast
    60 | D        | Annihilated by a large bag of meat

Illustrated notes

Levels and vault maps discovered:
D:        meatsprint

Skill      XL: |  1  2  3  4  5  6  7  8  9 10 11 12 13 14 15 16 17 18 19 20 21 22 23 24 25 26 27 |
---------------+----------------------------------------------------------------------------------+-----
Fighting       | 9 14 15 17 18 21 23 25 26 27 | 27.0
Axes           | 7 11 13 14 15 18 19 21 22 25 27 | 27.0
Armour         | 9 13 15 16 18 21 22 25 27 | 27.0
Dodging        | 10 15 17 18 20 23 25 27 | 27.0
Stealth        | 8 12 14 15 16 19 21 23 24 27 | 27.0
Unarmed Combat | 10 14 16 17 18 21 23 25 26 27 | 27.0
Spellcasting   | 7 11 12 13 14 16 18 20 24 27 | 27.0
Invocations    | 9 13 15 16 18 21 23 25 27 | 27.0
Maces & Flails | 10 22 27 | 27.0
Polearms       | 10 22 27 | 27.0
Staves         | 23 27 | 27.0
Short Blades   | 11 19 27 | 27.0
Long Blades    | 11 19 27 | 27.0
Ranged Weapons | 10 18 27 | 27.0
Throwing       | 10 18 27 | 27.0
Shields        | 12 21 27 | 27.0
Evocations     | 12 21 27 | 27.0

Action                     |  1- 3 |  4- 6 |  7- 9 | 10-12 | 13-15 | 16-18 | 19-21 | 22-24 | 25-27 || total
---------------------------+-------+-------+-------+-------+-------+-------+-------+-------+-------++-------
  Melee: Executioner's axe |     1 |       |       |     1 |     3 |     7 |     4 |     9 |    16 ||    41
   Cast: Swiftness         |       |       |       |     1 |       |       |       |       |       ||     1
         Statue Form       |       |       |       |       |       |       |       |     1 |       ||     1
 Armour: Robe              |       |       |       |       |       |       |       |     1 |       ||     1
  Dodge: Dodged            |       |       |       |       |       |       |       |     3 |     2 ||     5

Table legend: (Time is in decaauts)
 A = Elapsed time spent in this place.
 B = Non-inter-level travel time spent in this place.
 C = Inter-level travel time spent in this place.
 D = Time resting spent in this place.
 E = Time spent auto-exploring this place.
 F = Levels seen in this place.
 G = Mean time per level.
                   A        B        C        D        E       F      G
               +--------+--------+--------+--------+--------+-----+--------+
         Total |     64 |     64 |      0 |      0 |      0 |   1 |   64.0 |
       Dungeon |     64 |     64 |      0 |      0 |      0 |   1 |   64.0 |
               +--------+--------+--------+--------+--------+-----+--------+

Top non-repeatable levels by time:
       D: 64 daAuts
